SA
BELLEVUE BRUINS @ PUT-IN-BAY BC
07/25/2027
 
TOP OF THE 1ST
Bellevue Bruins batting - Pitching for Put-In-Bay BC : RHP Benjamin Busto
Pitching: RHP Benjamin Busto
Batting: LHB Domingo Colón 0-0: Ball
1-0: Ball
2-0: Called Strike
2-1: Called Strike
2-2: Single, Error in OF, E9, batter to second base
Batting: RHB Ernesto Bea 0-0: Ball
1-0: Called Strike
1-1: Ball
2-1: Swinging Strike
2-2: Ground out 4-3 (Groundball, 4)
Domingo Colón to third
Batting: SHB Aurelio Jiménez 0-0: Ball
1-0: Ball
2-0: Ball
3-0: Base on Balls
Batting: LHB Lorenzo Díaz 0-0: Grounds into double play, 4-6-3 (Groundball, 4)
Top of the 1st over - 0 run(s), 1 hit(s), 1 error(s), 1 left on base; Bellevue 0 - Put-In-Bay 0
BOTTOM OF THE 1ST
Put-In-Bay BC batting - Pitching for Bellevue Bruins : LHP Wilson Longoria
Pitching: LHP Wilson Longoria
Batting: SHB Júlio Pérez 0-0: Ball
1-0: Ball
2-0: Called Strike
2-1: Called Strike
2-2: Ball
3-2: SINGLE (Line Drive, 6MD)
Batting: RHB Edgar Balerio 0-0: Ball
1-0: Foul Ball, location: 2F
1-1: SINGLE (Line Drive, 6MD)
Júlio Pérez to second
Batting: LHB Tural Bishara 0-0: Ball
Júlio Pérez steals 3rd base
Edgar Balerio to second
1-0: Foul Ball, location: 2F
1-1: Foul Ball, location: 2F
1-2: Fly out, F7 (Flyball, 7D)
Runner from 3rd tags up, SCORES, no throw
Edgar Balerio to third
Batting: RHB Alan McLennan 0-0: SINGLE (Line Drive, 56D)
Edgar Balerio scores
Batting: LHB Vicente Castaneda 0-0: Ball
1-0: Foul Ball, location: 2F
1-1: Called Strike
1-2: Strikes out swinging
Batting: RHB Alejandro Márquez 0-0: Ball
1-0: Foul Ball, location: 2F
1-1: Ball
2-1: SINGLE (Groundball, 56D)
Alan McLennan to second
Batting: RHB Francisco Moreno 0-0: Ball
1-0: Foul Ball, location: 2F
1-1: SINGLE (Groundball, 6MD)
Alan McLennan to third
Alejandro Márquez to second
Runner from 3rd tries for Home, SAFE, no throw
Batting: RHB Angus Watts 0-0: Ball
1-0: Ball
2-0: Ball
3-0: Called Strike
3-1: Fielders Choice at 2nd, 4-6 (Groundball, 4)
Bottom of the 1st over - 3 run(s), 5 hit(s), 0 error(s), 1 left on base; Bellevue 0 - Put-In-Bay 3
TOP OF THE 2ND
Bellevue Bruins batting - Pitching for Put-In-Bay BC : RHP Benjamin Busto
Batting: RHB Miguel Elías 0-0: Ball
1-0: Called Strike
1-1: Ball
2-1: Ball
3-1: Swinging Strike
3-2: Base on Balls
Batting: SHB Jorge Ayala 0-0: Ball
1-0: Ball
2-0: Called Strike
2-1: Foul Ball, location: 2F
2-2: Foul Ball, location: 2F
2-2: Strikes out looking
Batting: LHB David Muller 0-0: Ball
1-0: SINGLE (Flyball, 9S)
Miguel Elías to second
Throwing error, E9
Miguel Elías scores
David Muller to second
Batting: RHB Carlos Cruz 0-0: Ball
1-0: Ball
2-0: Foul Ball, location: 2F
2-1: Foul Ball, location: 2F
2-2: Ball
3-2: Foul Ball, location: 2F
3-2: Strikes out looking
Batting: LHB Juan Romero 0-0: Called Strike
0-1: Ball
1-1: Foul Ball, location: 2F
1-2: Ball
2-2: Strikes out swinging
Top of the 2nd over - 1 run(s), 1 hit(s), 1 error(s), 1 left on base; Bellevue 1 - Put-In-Bay 3
BOTTOM OF THE 2ND
Put-In-Bay BC batting - Pitching for Bellevue Bruins : LHP Wilson Longoria
Batting: LHB Francisco Alfaro 0-0: Called Strike
0-1: Ball
1-1: SINGLE (Line Drive, 9LS)
Batting: SHB Júlio Pérez 0-0: Ball
1-0: Ball
2-0: Called Strike
2-1: Ball
3-1: Swinging Strike
3-2: Foul Ball, location: 2F
3-2: Base on Balls
Francisco Alfaro to second
Batting: RHB Edgar Balerio 0-0: Called Strike
0-1: Ball
1-1: Swinging Strike
1-2: Strikes out swinging
Batting: LHB Tural Bishara 0-0: Swinging Strike
0-1: Ball
1-1: Foul Ball, location: 2F
1-2: Ball
2-2: Strikes out looking
Batting: RHB Alan McLennan 0-0: Swinging Strike
0-1: Called Strike
0-2: Ball
1-2: Ball
2-2: Fly out, F3 (Popup, 34S)
Bottom of the 2nd over - 0 run(s), 1 hit(s), 0 error(s), 2 left on base; Bellevue 1 - Put-In-Bay 3
TOP OF THE 3RD
Bellevue Bruins batting - Pitching for Put-In-Bay BC : RHP Benjamin Busto
Batting: LHB Domingo Colón 0-0: Swinging Strike
0-1: Foul Ball, location: 2F
0-2: Strikes out looking
Batting: RHB Ernesto Bea 0-0: Swinging Strike
0-1: Foul Ball, location: 2F
0-2: Ball
1-2: Fly out, F6 (Line Drive, 6)
Batting: SHB Aurelio Jiménez 0-0: Called Strike
0-1: Called Strike
0-2: Ball
1-2: Strikes out swinging
Top of the 3rd over - 0 run(s), 0 hit(s), 0 error(s), 0 left on base; Bellevue 1 - Put-In-Bay 3
BOTTOM OF THE 3RD
Put-In-Bay BC batting - Pitching for Bellevue Bruins : LHP Wilson Longoria
Batting: LHB Vicente Castaneda 0-0: Called Strike
0-1: Ball
1-1: Ball
2-1: Ground out U3 (Groundball, 3S)
Batting: RHB Alejandro Márquez 0-0: Called Strike
0-1: Ball
1-1: Ball
2-1: Foul Ball, location: 2F
2-2: Ball
3-2: Ground out 6-3 (Groundball, 6)
Batting: RHB Francisco Moreno 0-0: Swinging Strike
0-1: Swinging Strike
0-2: Ball
1-2: Strikes out looking
Bottom of the 3rd over - 0 run(s), 0 hit(s), 0 error(s), 0 left on base; Bellevue 1 - Put-In-Bay 3
TOP OF THE 4TH
Bellevue Bruins batting - Pitching for Put-In-Bay BC : RHP Benjamin Busto
Batting: LHB Lorenzo Díaz 0-0: Ball
1-0: Foul Ball, location: 2F
1-1: Ball
2-1: Ground out 6-3 (Groundball, 56D)
Batting: RHB Miguel Elías 0-0: Called Strike
0-1: Ground out 4-3 (Groundball, 4)
Batting: SHB Jorge Ayala 0-0: Ball
1-0: Called Strike
1-1: Ball
2-1: DOUBLE (Line Drive, 7LM)
Batting: LHB David Muller 0-0: Called Strike
0-1: Called Strike
0-2: Strikes out swinging
Top of the 4th over - 0 run(s), 1 hit(s), 0 error(s), 1 left on base; Bellevue 1 - Put-In-Bay 3
BOTTOM OF THE 4TH
Put-In-Bay BC batting - Pitching for Bellevue Bruins : LHP Wilson Longoria
Batting: RHB Angus Watts 0-0: Called Strike
0-1: Ground out 6-3 (Groundball, 6)
Pitching: LHP Gwang-soo Park
Batting: LHB Francisco Alfaro 0-0: Called Strike
0-1: Swinging Strike
0-2: Ball
1-2: Ball
2-2: Foul Ball, location: 2F
2-2: SINGLE (Groundball, 4MD)
Batting: SHB Júlio Pérez 0-0: Called Strike
0-1: Called Strike
0-2: Ball
1-2: Ball
2-2: Ball
3-2: Strikes out looking
Batting: RHB Edgar Balerio 0-0: Called Strike
Francisco Alfaro is caught stealing 2nd base
Bottom of the 4th over - 0 run(s), 1 hit(s), 0 error(s), 0 left on base; Bellevue 1 - Put-In-Bay 3
TOP OF THE 5TH
Bellevue Bruins batting - Pitching for Put-In-Bay BC : RHP Benjamin Busto
Batting: RHB Carlos Cruz 0-0: Called Strike
0-1: Bunted foul
0-2: Ball
1-2: SINGLE (Groundball, 4D)
Batting: LHB Juan Romero 0-0: Ball
1-0: Called Strike
Carlos Cruz steals 2nd base
1-1: Ball
2-1: Swinging Strike
2-2: Strikes out swinging
Batting: LHB Domingo Colón 0-0: Ball
1-0: Called Strike
1-1: Ball
2-1: Ground out 4-3 (Groundball, 4)
Carlos Cruz to third
Batting: RHB Ernesto Bea 0-0: Ball
1-0: Called Strike
1-1: Foul Ball, location: 2F
1-2: Foul Ball, location: 2F
1-2: Foul Ball, location: 2F
1-2: Strikes out swinging
Top of the 5th over - 0 run(s), 1 hit(s), 0 error(s), 1 left on base; Bellevue 1 - Put-In-Bay 3
BOTTOM OF THE 5TH
Put-In-Bay BC batting - Pitching for Bellevue Bruins : LHP Gwang-soo Park
Batting: RHB Edgar Balerio 0-0: Ball
1-0: Called Strike
1-1: Ball
2-1: Bunt for hit - play at first, batter safe!
Batting: LHB Tural Bishara 0-0: Ball
Edgar Balerio steals 2nd base
1-0: Ball
2-0: Fly out, F9 (Flyball, 89M)
Batting: RHB Alan McLennan 0-0: Ball
1-0: Ball
2-0: Foul Ball, location: 2F
2-1: SINGLE (Line Drive, 8RS)
Edgar Balerio to third
Batting: LHB Vicente Castaneda 0-0: Ball
1-0: Called Strike
1-1: Ball
2-1: Foul Ball, location: 2F
2-2: Ball
3-2: Ground out U3 (Groundball, 34)
Edgar Balerio scores
Alan McLennan to second
Batting: RHB Alejandro Márquez 0-0: Ball
1-0: Foul Ball, location: 2F
1-1: Ball
2-1: Ball
3-1: Fly out, F6 (Popup, 6)
Bottom of the 5th over - 1 run(s), 2 hit(s), 0 error(s), 1 left on base; Bellevue 1 - Put-In-Bay 4
TOP OF THE 6TH
Bellevue Bruins batting - Pitching for Put-In-Bay BC : RHP Benjamin Busto
Batting: SHB Aurelio Jiménez 0-0: Ball
1-0: Foul Ball, location: 2F
1-1: Foul Ball, location: 2F
1-2: Ball
2-2: DOUBLE (Groundball, 3L)
Batting: LHB Lorenzo Díaz 0-0: Ball
1-0: Swinging Strike
1-1: Called Strike
1-2: Ball
2-2: Ball
3-2: Foul Ball, location: 2F
3-2: Fly out, F7 (Flyball, 78M)
Batting: RHB Miguel Elías 0-0: Called Strike
0-1: Ball
1-1: Foul Ball, location: 2F
1-2: Ball
2-2: Strikes out swinging
Batting: SHB Jorge Ayala 0-0: Ball
1-0: Ball
2-0: Called Strike
2-1: Foul Ball, location: 2F
2-2: Strikes out swinging, 2-3 out at first.
Top of the 6th over - 0 run(s), 1 hit(s), 0 error(s), 1 left on base; Bellevue 1 - Put-In-Bay 4
BOTTOM OF THE 6TH
Put-In-Bay BC batting - Pitching for Bellevue Bruins : LHP Gwang-soo Park
Batting: RHB Francisco Moreno 0-0: Ball
1-0: Swinging Strike
1-1: Fly out, F9 (Flyball, 9LMF)
Batting: RHB Angus Watts 0-0: Ball
1-0: Swinging Strike
1-1: SINGLE (Groundball, 56D)
Batting: LHB Francisco Alfaro 0-0: Ball
Angus Watts is caught stealing 2nd base
1-0: Ball
2-0: Swinging Strike
2-1: Bunted foul
2-2: Ball
3-2: Foul Ball, location: 2F
3-2: Fly out, F8 (Flyball, 78M)
Bottom of the 6th over - 0 run(s), 1 hit(s), 0 error(s), 0 left on base; Bellevue 1 - Put-In-Bay 4
TOP OF THE 7TH
Bellevue Bruins batting - Pitching for Put-In-Bay BC : RHP Benjamin Busto
Batting: LHB David Muller 0-0: SINGLE (Line Drive, 3L)
Batting: RHB Carlos Cruz 0-0: Sac Bunt - play at first, batter OUT! 1-3
David Muller to second
Batting: LHB Juan Romero 0-0: Ball
1-0: Ball
2-0: Ball
3-0: Swinging Strike
3-1: Fly out, F3 (Line Drive, 34)
Batting: LHB Domingo Colón 0-0: Called Strike
0-1: Ball
1-1: Ball
2-1: Fly out, F6 (Flyball, 6MD)
Top of the 7th over - 0 run(s), 1 hit(s), 0 error(s), 1 left on base; Bellevue 1 - Put-In-Bay 4
BOTTOM OF THE 7TH
Put-In-Bay BC batting - Pitching for Bellevue Bruins : LHP Gwang-soo Park
Batting: SHB Júlio Pérez 0-0: Ball
1-0: Foul Ball, location: 2F
1-1: Fly out, F8 (Flyball, 8RS)
Batting: RHB Edgar Balerio 0-0: Foul Ball, location: 2F
0-1: Fly out, F9 (Flyball, 89M)
Batting: LHB Tural Bishara 0-0: Ball
1-0: SOLO HOME RUN (Flyball, 89XD), Distance : 406 ft
Batting: RHB Alan McLennan 0-0: Called Strike
0-1: Swinging Strike
0-2: Strikes out swinging
Bottom of the 7th over - 1 run(s), 1 hit(s), 0 error(s), 0 left on base; Bellevue 1 - Put-In-Bay 5
TOP OF THE 8TH
Bellevue Bruins batting - Pitching for Put-In-Bay BC : RHP Benjamin Busto
Pitching: RHP Félix Santiago
Batting: RHB Ernesto Bea 0-0: Called Strike
0-1: Fly out, F8 (Flyball, 8RM)
Batting: SHB Aurelio Jiménez 0-0: Called Strike
0-1: Ball
1-1: Called Strike
1-2: Ball
2-2: Foul Ball, location: 2F
2-2: Strikes out looking
Batting: LHB Lorenzo Díaz 0-0: Ball
1-0: Ball
2-0: Foul Ball, location: 2F
2-1: Ball
3-1: Fly out, F8 (Flyball, 78M)
Top of the 8th over - 0 run(s), 0 hit(s), 0 error(s), 0 left on base; Bellevue 1 - Put-In-Bay 5
BOTTOM OF THE 8TH
Put-In-Bay BC batting - Pitching for Bellevue Bruins : LHP Gwang-soo Park
Pitching: RHP Tyrique McGhee
Batting: LHB Vicente Castaneda 0-0: Called Strike
0-1: Ball
1-1: Fly out, F8 (Flyball, 8LM)
Batting: RHB Alejandro Márquez 0-0: Ball
1-0: Ball
2-0: Ball
3-0: Called Strike
3-1: Foul Ball, location: 2F
3-2: Strikes out swinging
Batting: RHB Francisco Moreno 0-0: Ball
1-0: SINGLE (Groundball, 25) (infield hit)
Batting: RHB Angus Watts 0-0: Fielders Choice at 2nd, 5-4 (Groundball, 5)
Bottom of the 8th over - 0 run(s), 1 hit(s), 0 error(s), 0 left on base; Bellevue 1 - Put-In-Bay 5
TOP OF THE 9TH
Bellevue Bruins batting - Pitching for Put-In-Bay BC : RHP Félix Santiago
Pitching: RHP Joaquin Farias
Batting: RHB Miguel Elías 0-0: Ball
1-0: SOLO HOME RUN (Flyball, 7D), Distance : 373 ft
Pitching: RHP Esteban Ramos
Batting: SHB Jorge Ayala 0-0: Called Strike
0-1: Foul Ball, location: 2F
0-2: Ball
1-2: Ball
2-2: SINGLE (Flyball, 6MD)
Pitching: RHP Tupac Blanch
Batting: LHB David Muller 0-0: Ball
1-0: Called Strike
1-1: Ball
2-1: Foul Ball, location: 2F
2-2: Ball
3-2: Fly out, F8 (Line Drive, 8RM)
Batting: RHB Carlos Cruz 0-0: Ball
1-0: Ball
2-0: Fielders Choice at 2nd, 6-4 (Groundball, 6)
Batting: LHB Juan Romero 0-0: Called Strike
0-1: Ball
1-1: Ball
2-1: Called Strike
2-2: Strikes out swinging
Top of the 9th over - 1 run(s), 2 hit(s), 0 error(s), 1 left on base; Bellevue 2 - Put-In-Bay 5
Saturday, May 26th, 2018 - OOTP Baseball 17.12 Build 75